 Dungeon Crawl Stone Soup version 0.22-a0-240-g539252a (webtiles) character file.

21319 varam the Grappler (level 12, 0/130 HPs)
             Began as a Troll Abyssal Knight on Feb 21, 2018.
             Was a High Priest of Lugonu.
             Slain by a five-headed hydra (6 damage)
             ... on level 12 of the Dungeon.
             The game lasted 00:42:12 (12047 turns).

varam the Grappler (Troll Abyssal Knight)          Turns: 12047, Time: 00:42:13

Health: 0/130      AC:  5    Str: 23    XL:     12   Next: 53%
Magic:  17/19      EV: 14    Int: 12    God:    Lugonu [*****.]
Gold:   751        SH: 15    Dex:  9    Spells: 10/17 levels left

rFire    . . .     SeeInvis .     - Unarmed
rCold    . . .     Gourm    +   H - +0 shield
rNeg     . . .     Faith    .   F - +0 robe of Wefidang {Slay+3}
rPois    .         Spirit   .   (helmet restricted)
rElec    .         Reflect  .   n - +0 cloak
rCorr    .         Harm     .   (gloves unavailable)
MR       .....                  (boots unavailable)
Stlth    ++........             (no amulet)
HPRegen  0.71/turn              G - ring of stealth
MPRegen  0.16/turn              h - +4 ring of evasion

@: no status effects
A: large, unfitting armour, claws 3, large bone plates 1, deformed body, fast
metabolism 3, gourmand, high mp 1, regeneration 1, robust 1, shaggy fur 1, tough
skin 2
a: Depart the Abyss, Bend Space, Banish, Corrupt, Enter the Abyss, Renounce
Religion


You were on level 12 of the Dungeon.
You worshipped Lugonu.
Lugonu was extremely pleased with you.
You were completely stuffed.

You visited 1 branch of the dungeon, and saw 13 of its levels.
You visited the Abyss 1 time.
You also visited: Bailey.

You collected 751 gold pieces.

Inventory:

Hand Weapons
 r - a +0 hunting sling
Missiles
 g - 29 tomahawks
 s - 53 sling bullets
 R - 12 large rocks (quivered)
Armour
 n - a +0 cloak (worn)
 F - the +0 robe of Wefidang (worn) {Slay+3}
   (You found it on level 6 of the Dungeon)

   It affects your accuracy and damage with ranged weapons and melee attacks
   (+3).
 H - a +0 shield (worn)
Magical Staves
 p - an uncursed staff of earth
 D - an uncursed staff of summoning
Jewellery
 f - an uncursed amulet of guardian spirit
 h - a +4 ring of evasion (right claw)
 l - an uncursed ring of protection from magic
 t - a +2 ring of strength
 y - an uncursed ring of resist corrosion
 B - an uncursed ring of protection from cold
 G - a ring of stealth (left claw)
 Q - an uncursed ring of poison resistance
 T - an uncursed ring of fire
Wands
 c - a wand of paralysis (30)
 m - a wand of digging (11)
 M - a wand of scattershot (8)
 P - a wand of acid (9)
 S - a wand of clouds (5)
 V - a wand of polymorph (12)
Scrolls
 d - 8 scrolls of teleportation
 e - 10 scrolls of remove curse
 j - 2 scrolls of fog
 o - a scroll of amnesia
 q - a scroll of immolation {unknown}
 u - 4 scrolls of blinking
 w - 4 scrolls of fear
 x - a scroll of enchant armour {unknown}
 z - a scroll of acquirement
 A - 2 scrolls of magic mapping
 E - 6 scrolls of enchant weapon
 J - a scroll of vulnerability {unknown}
 K - 3 scrolls of holy word
 O - a scroll of noise {unknown}
Potions
 a - 2 potions of might {unknown}
 i - 2 potions of lignification
 k - a potion of mutation
 v - 2 potions of ambrosia
 C - 4 potions of curing
 I - 2 potions of invisibility
 L - 2 potions of brilliance {unknown}
 N - 2 potions of degeneration {unknown}
 U - a potion of resistance
Comestibles
 b - 27 rations
 W - 4 chunks of flesh


   Skills:
 + Level 7.9 Fighting
 + Level 3.3 Throwing
 - Level 1.9 Dodging
 - Level 9.0 Shields
 - Level 9.0 Unarmed Combat
 - Level 3.0 Spellcasting
 - Level 4.0 Charms
 - Level 4.2 Necromancy
 - Level 8.4 Invocations


You had 10 spell levels left.
You knew the following spells:

 Your Spells              Type           Power        Failure   Level  Hunger
a - Blink                 Tloc           N/A          36%         2    ###....
b - Passwall              Tmut/Erth      #.........   36%         2    ###....
d - Regeneration          Chrm/Necr      ##........   14%         3    ###....


Dungeon Overview and Level Annotations

Branches:
Dungeon (13/15)            Temple (0/1) D:4            Lair (0/6) D:9
    Orc (0/2) D:11
 Vaults: D:13-14

Altars:
Ashenzari
Dithmenos
Elyvilon
Okawaru
Trog
The Shining One

Shops:
D:6 *   D:9 (   D:13 [


Innate Abilities, Weirdness & Mutations

You are too large for most types of armour.
You have claws for hands.
Your metabolism is lightning-fast.
You like to eat raw meat.
Your natural rate of healing is unusually fast.
You are covered in fur. (AC +1)
You have very tough skin. (AC +2)
You are partially covered in large bone plates. (SH +4)
Armour fits poorly on your strangely shaped body.
You have an increased reservoir of magic. (+10% MP)
You are robust. (+10% HP)


Message History

The five-headed hydra bites you!
Throwing (i - inventory. (/) - cycle)
R - 13 large rocks (quivered)
Press: ? - help, Shift-Dir - straight line, f/p - five-headed hydra
Aim: a five-headed hydra (moderately wounded, covered in acid)
You throw a large rock.
The large rock hits the five-headed hydra.
The five-headed hydra is heavily wounded.
The five-headed hydra bites you!
You block the five-headed hydra's attack.
The five-headed hydra bites you!
* * * LOW HITPOINT WARNING * * *
The five-headed hydra bites you!
* * * LOW HITPOINT WARNING * * *
You block the five-headed hydra's attack.
The five-headed hydra closely misses you.
The five-headed hydra bites you but does no damage.
You block the five-headed hydra's attack.
The five-headed hydra bites you but does no damage.
The five-headed hydra bites you.
You die...

###.### #. ##.)## #. ##).##
#.. #####..## # #.# #....#####
## #..#### #.........# .#
##!....######........... .#
###..........#............ D#
#........D@..†#..........# .#
.[...$....##..#.........## .##
.....((...##..#........##
..####.....$....##..##....).##
>...............##..##....###
#...#......$...###.####..##
#...# .......### #.# ####
#..## .....$. #.# #..# ..#


You could see a five-headed hydra.

Vanquished Creatures
  A centaur warrior (D:13)
  2 two-headed ogres
  Nergalle (D:12)
  An unseen horror (D:11)
  Pikel (D:5)
  An orc knight (Bailey)
  3 cyclopes
  2 manticores
  An orc sorcerer (Bailey)
  2 ugly things
  Maurice (D:8)
  Psyche (D:8)
  Joseph (D:8)
  A troll (D:13)
  3 hippogriffs
  Prince Ribbit (D:6)
  A meliai zombie (D:12)
  Sigmund (D:6)
  A wraith (D:10)
  A shadow (D:12)
  A vampire (D:11)
  A human (D:7)
  Grum (D:8)
  6 yaks
  3 hogs (D:7)
  Duvessa (D:6)
  2 hell hounds (D:9)
  A water moccasin (D:10)
  2 black bears
  A hornet zombie (D:9)
  17 orc warriors
  A slave (D:5)
  4 phantoms
  4 ice beasts
  6 ogres
  3 sky beasts
  A necrophage (D:11)
  3 wolves (D:8)
  10 centaurs
  6 bullfrogs
  2 big kobolds
  Dowan (D:6)
  5 scorpions
  A water moccasin skeleton (D:6)
  5 wights (D:13)
  6 howler monkeys
  8 electric eels
  7 crimson imps
  A quasit (D:12)
  3 bullfrog zombies
  4 centaur zombies
  3 hounds
  A centaur skeleton (D:9)
  Crazy Yiuf (D:3)
  A jelly (D:13)
  5 orc priests
  19 orc wizards
  A bullfrog skeleton (D:5)
  Natasha (thrice) (D:3)
  5 iguanas
  12 worker ants
  A killer bee zombie (D:7)
  A hound skeleton (D:10)
  2 worker ant zombies
  6 gnolls
  9 adders
  5 shadow imps
  A white imp (D:5)
  2 adder zombies (D:9)
  2 oozes (D:1)
  An adder skeleton (D:4)
  3 dart slugs
  3 worms
  2 leopard geckos
  59 orcs
  8 bats
  3 giant cockroaches
  16 goblins
  19 hobgoblins
  4 jackals (D:8)
  17 kobolds
  2 quokkas
  2 frilled lizards
  2 goblin skeletons (D:5)
  A goblin zombie (D:5)
  4 hobgoblin zombies (D:5)
  3 kobold skeletons (D:5)
  A kobold zombie (D:5)
  2 leopard gecko skeletons
  4 orc skeletons (D:5)
  A quokka skeleton (D:7)
  7 rats
388 creatures vanquished.

Vanquished Creatures (others)
  A two-headed ogre (D:12)
  An ugly thing (D:11)
  A kobold demonologist (Bailey)
  A centaur skeleton (D:12)
  A troll (D:6)
  A quokka (D:7)
  An orc zombie (D:5)
7 creatures vanquished.

Grand Total: 395 creatures vanquished

Notes
Turn   | Place    | Note
-------+----------+-------------------------------------------
     0 | Abyss:1  | varam the Troll Abyssal Knight began the quest for the Orb.
     0 | Abyss:1  | Reached XP level 1. HP: 22/22 MP: 1/1
    38 | Abyss:1  | Noticed a small abomination
    49 | Abyss:1  | Noticed a spatial vortex
    49 | D:1      | Escaped the Abyss
    90 | D:1      | Reached skill level 2 in Invocations
   102 | D:1      | Reached * piety under Lugonu
   102 | D:1      | Reached XP level 2. HP: 29/29 MP: 2/2
   287 | D:1      | Reached XP level 3. HP: 36/36 MP: 3/3
   918 | D:2      | Reached skill level 3 in Unarmed Combat
  1288 | D:2      | Reached ** piety under Lugonu
  1288 | D:2      | Reached XP level 4. HP: 31/44 MP: 1/5
  1298 | D:2      | Reached skill level 3 in Invocations
  1401 | D:2      | Found an iron altar of Okawaru.
  1919 | D:3      | Noticed Natasha
  1927 | D:3      | Killed Natasha
  1936 | D:3      | Noticed Natasha
  1945 | D:3      | Killed Natasha
  1945 | D:3      | Reached skill level 4 in Unarmed Combat
  1945 | D:3      | Reached XP level 5. HP: 39/50 MP: 4/6
  2135 | D:3      | Found a runed door.
  2139 | D:3      | Noticed Crazy Yiuf
  2149 | D:3      | Killed Crazy Yiuf
  2293 | D:3      | Found a bloodstained altar of Trog.
  2352 | D:3      | Noticed Natasha
  2357 | D:3      | Killed Natasha
  2357 | D:3      | Reached skill level 4 in Invocations
  2539 | D:4      | Noticed a phantom
  2565 | D:4      | Killed a phantom
  2565 | D:4      | Reached XP level 6. HP: 36/59 MP: 5/8
  2658 | D:4      | Reached skill level 5 in Unarmed Combat
  2787 | D:4      | Found a shattered altar of Ashenzari.
  2951 | D:4      | Found a staircase to the Ecumenical Temple.
  2992 | D:4      | Got a steaming spear
  2993 | D:4      | Identified the cursed +0 spear of Melee {pain, MR+} (You found it on level 4 of the Dungeon)
  3366 | D:5      | Entered Level 5 of the Dungeon
  3408 | D:5      | Reached skill level 5 in Invocations
  3408 | D:5      | Reached XP level 7. HP: 33/66 MP: 9/9
  3483 | D:5      | HP: 4/66 [something (4)]
  3584 | D:5      | Noticed Pikel
  3611 | D:5      | Paralysed by Pikel for 4 turns
  3622 | D:5      | Killed Pikel
  3622 | D:5      | Reached skill level 7 in Unarmed Combat
  3622 | D:5      | Reached skill level 6 in Invocations
  3622 | D:5      | Reached XP level 8. HP: 48/74 MP: 9/11
  3660 | D:5      | Found a glowing golden altar of the Shining One.
  3701 | D:5      | Reached *** piety under Lugonu
  4001 | D:5      | Found a shadowy altar of Dithmenos.
  4346 | D:6      | Got a sheer robe
  4357 | D:6      | Identified the +0 robe of Wefidang {Slay+3} (You found it on level 6 of the Dungeon)
  4519 | D:6      | Reached skill level 1 in Shields
  4519 | D:6      | Reached skill level 7 in Invocations
  4542 | D:6      | Noticed Duvessa
  4543 | D:6      | Noticed Dowan
  4560 | D:6      | Gained mutation: Armour fits poorly on your strangely shaped body. [potion of mutation]
  4560 | D:6      | Gained mutation: You have an increased reservoir of magic. (+10% MP) [potion of mutation]
  4560 | D:6      | Gained mutation: You are partially covered in large bone plates. (SH +4) [potion of mutation]
  4560 | D:6      | Gained mutation: You are robust. (+10% HP) [potion of mutation]
  4565 | D:6      | Killed Duvessa
  4565 | D:6      | Reached skill level 3 in Fighting
  4582 | D:6      | Killed Dowan
  4696 | D:6      | Found Nilaas's General Store.
  4696 | D:6      | Noticed Prince Ribbit
  4704 | D:6      | Killed Prince Ribbit
  4704 | D:6      | Reached skill level 2 in Shields
  4704 | D:6      | Reached skill level 8 in Unarmed Combat
  4704 | D:6      | Reached XP level 9. HP: 91/91 MP: 14/14
  4707 | D:6      | Reached **** piety under Lugonu
  5135 | D:6      | Noticed Sigmund
  5147 | D:6      | Killed Sigmund
  5188 | D:6      | Noticed a troll
  5205 | D:6      | the troll is devoured by a tear in reality.
  5205 | D:6      | Banished a troll
  5318 | D:6      | Reached skill level 4 in Fighting
  5338 | D:7      | Reached skill level 3 in Shields
  5385 | D:8      | Noticed Psyche
  5390 | D:8      | Killed Psyche
  5532 | D:7      | Reached skill level 8 in Invocations
  5556 | D:7      | Found a white marble altar of Elyvilon.
  5695 | D:7      | Reached skill level 9 in Unarmed Combat
  5763 | D:7      | Found a bloodstained altar of Trog.
  5797 | D:7      | Reached skill level 4 in Shields
  5832 | D:7      | Reached XP level 10. HP: 97/103 MP: 16/16
  5957 | D:7      | Reached skill level 5 in Fighting
  6058 | D:7      | Reached skill level 5 in Shields
  6225 | D:8      | Noticed Maurice
  6237 | D:8      | Killed Maurice
  6287 | D:8      | Noticed Grum
  6309 | D:8      | Killed Grum
  6309 | D:8      | Reached skill level 6 in Shields
  6629 | D:8      | Learned a level 3 spell: Regeneration
  6767 | D:8      | Noticed Joseph
  6851 | D:8      | Killed Joseph
  6851 | D:8      | Reached skill level 1 in Necromancy
  6973 | D:9      | Reached skill level 1 in Charms
  7010 | D:9      | Reached ***** piety under Lugonu
  7062 | D:9      | Found Caechot's Weapon Emporium.
  7071 | D:9      | Reached skill level 7 in Shields
  7088 | D:9      | Found a staircase to the Lair.
  7108 | D:9      | Reached skill level 2 in Necromancy
  7235 | D:9      | Reached skill level 2 in Charms
  7254 | D:10     | Entered Level 10 of the Dungeon
  7323 | D:9      | Noticed a two-headed ogre
  7338 | D:9      | Killed a two-headed ogre
  7338 | D:9      | Reached skill level 3 in Necromancy
  7338 | D:9      | Reached XP level 11. HP: 112/112 MP: 18/18
  7742 | D:10     | Noticed a cyan ugly thing
  7763 | D:10     | Killed a cyan ugly thing
  7915 | D:10     | Reached skill level 1 in Spellcasting
  8072 | D:10     | Reached skill level 3 in Charms
  8129 | D:11     | Noticed a brown ugly thing
  8161 | D:11     | the brown ugly thing is devoured by a tear in reality.
  8161 | D:11     | Banished a brown ugly thing
  8441 | D:12     | Noticed Nergalle
  8452 | D:12     | Killed Nergalle
  8452 | D:12     | Reached skill level 8 in Shields
  8510 | D:12     | Found a flagged portal.
  8520 | Bailey   | Entered a bailey
  8733 | Bailey   | Found an iron altar of Okawaru.
  8733 | Bailey   | Noticed an orc sorcerer
  8744 | Bailey   | Killed an orc sorcerer
  8744 | Bailey   | Reached skill level 2 in Spellcasting
  8758 | Bailey   | the kobold demonologist is devoured by a tear in reality.
  8840 | Bailey   | Reached skill level 4 in Necromancy
  9216 | Bailey   | Got a steaming falchion
  9217 | Bailey   | Identified the cursed +1 falchion of Grandeur {elec, rElec rPois Int+4} (You found it in a bailey)
  9310 | Bailey   | Noticed an orc knight
  9319 | Bailey   | Killed an orc knight
  9535 | D:12     | the centaur warrior skeleton is devoured by a tear in reality.
  9537 | D:12     | Reached skill level 4 in Charms
  9862 | D:12     | Noticed a five-headed hydra
  9910 | D:13     | Found Echome Temip's Armour Emporium.
  9991 | D:13     | Noticed a two-headed ogre
  9998 | D:12     | HP: 9/114 [two-headed ogre/giant spiked club (11)]
  9999 | D:12     | the two-headed ogre is devoured by a tear in reality.
  9999 | D:12     | Banished a two-headed ogre
  9999 | D:12     | Reached skill level 3 in Spellcasting
 10285 | D:11     | Found a staircase to the Orcish Mines.
 10454 | D:11     | Killed an unseen horror
 10454 | D:11     | Reached skill level 9 in Shields
 10454 | D:11     | Reached XP level 12. HP: 34/122 MP: 19/19
 10591 | D:11     | Got a crude long sword
 10592 | D:11     | Identified the +7 long sword of Uskayaw's Wrath {freeze, rF+ MR+ Dex-5 Stlth+} (You found it on level 11 of the Dungeon)
 10664 | D:11     | Reached skill level 6 in Fighting
 10847 | D:11     | Learned a level 2 spell: Blink
 10850 | D:11     | Learned a level 2 spell: Passwall
 11028 | D:12     | Noticed a two-headed ogre
 11040 | D:12     | Killed a two-headed ogre
 11080 | D:13     | Reached skill level 7 in Fighting
 11462 | D:13     | Noticed a centaur warrior
 11472 | D:13     | Killed a centaur warrior
 11472 | D:13     | Reached skill level 1 in Throwing
 11487 | D:13     | Reached skill level 2 in Throwing
 11951 | D:12     | Reached skill level 3 in Throwing
 12047 | D:12     | HP: 6/130 [five-headed hydra (15)]
 12047 | D:12     | Slain by a five-headed hydra

Vault maps used:
D:1:      erik_arrival_gehennom
D:2:      lemuel_coloured_pillars_altar
D:3:      lemuel_round_altar, first_ration, uniq_crazy_yiuf_cottage,
          uniq_natasha
D:4:      evilmike_ruin_ashenzari, lemuel_temple_firewalk_b
D:5:      nicolae_tso_besieged_by_evil, grunt_dithmenos_smoke_and_mirrors,
          uniq_pikel
D:6:      serial_shops, shop, minmay_item_behind_shaft, uniq_sigmund,
          uniq_prince_ribbit1, uniq_duvessa
D:7:      elyvilon_altar_4, grunt_livestock, trog_butcher_becter
D:8:      nrook_pool_corridor, kennysheep_cluttered_room, uniq_grum,
          uniq_maurice, uniq_joseph, uniq_psyche
D:9:      minmay_lair_entry_lava, serial_shops, shop
D:11:     david_orc_4
D:12:     enter_bailey_2, grunt_gozag_breadcrumbs, uniq_nergalle
D:13:     serial_shops, shop
Bailey:   bailey_axe_of_yendor_kennysheep, bailey

Skill      XL: |  1  2  3  4  5  6  7  8  9 10 11 12 |
---------------+-------------------------------------+-----
Invocations    | 2 3 4 5 6 7 8 |  8.4
Unarmed Combat | 3 4 5 7 8 9 |  9.0
Shields        | 2 4 7 9 |  9.0
Fighting       | 3 4 5 7 |  7.9
Necromancy     | 3 4 |  4.2
Charms         | 2 4 |  4.0
Spellcasting   | 3 |  3.0
Throwing       | 3 |  3.3
Dodging        | |  1.9

Action                   |  1- 3 |  4- 6 |  7- 9 | 10-12 || total
-------------------------+-------+-------+-------+-------++-------
Melee: Unarmed           |   104 |   160 |   289 |   772 ||  1325
       Punch             |       |     1 |    11 |       ||    12
Throw: Tomahawk          |       |    10 |     5 |    28 ||    43
       Throwing net      |       |       |     1 |     1 ||     2
       Large rock        |       |       |       |     2 ||     2
 Cast: Regeneration      |       |       |       |     3 ||     3
       Blink             |       |       |       |     2 ||     2
Invok: Depart the Abyss  |     1 |       |       |       ||     1
       Banish            |       |       |     1 |     5 ||     6
Evoke: Wand              |       |       |       |    11 ||    11
  Use: Potion            |     2 |     3 |     5 |     2 ||    12
       Scroll            |     1 |     3 |       |    10 ||    14
 Stab: Sleeping          |     1 |     1 |       |     3 ||     5
       Paralysed         |       |       |       |     8 ||     8
  Eat: Chunk             |    15 |    20 |    24 |    60 ||   119
Armor: Robe              |    26 |    47 |    46 |    74 ||   193
       Skin              |       |       |     5 |     2 ||     7
Dodge: Dodged            |    55 |    85 |   111 |   216 ||   467
Block: Other             |       |       |    22 |       ||    22
       Shield            |       |       |    47 |   406 ||   453

Table legend:
 A = Spawn XP
 B = Non-spawn XP
 C = Spawn XP percentage of total XP
 D = Spawn monster count
 E = Non-spawn monster count
 F = Spawn count percentage of total count
 G = Total turns spent on level
                    A         B        C        D         E        F      G
               +---------+---------+-------+---------+---------+-------+---------
         Total |       0 |   30456 |   0.0 |       0 |     392 |   0.0 | 12047
               +---------+---------+-------+---------+---------+-------+---------
           D:1 |       0 |      50 |   0.0 |       0 |      22 |   0.0 |  1068
           D:2 |       0 |      65 |   0.0 |       0 |      17 |   0.0 |   645
           D:3 |       0 |     229 |   0.0 |       0 |      21 |   0.0 |   777
           D:4 |       0 |     325 |   0.0 |       0 |      12 |   0.0 |   827
           D:5 |       0 |    1248 |   0.0 |       0 |      36 |   0.0 |  1073
           D:6 |       0 |    1683 |   0.0 |       0 |      30 |   0.0 |   863
           D:7 |       0 |    2519 |   0.0 |       0 |      39 |   0.0 |   760
           D:8 |       0 |    2520 |   0.0 |       0 |      20 |   0.0 |   903
           D:9 |       0 |    2702 |   0.0 |       0 |      30 |   0.0 |   569
          D:10 |       0 |    2911 |   0.0 |       0 |      45 |   0.0 |   738
          D:11 |       0 |    3975 |   0.0 |       0 |      30 |   0.0 |  1112
          D:12 |       0 |    5650 |   0.0 |       0 |      22 |   0.0 |   630
          D:13 |       0 |    3906 |   0.0 |       0 |      25 |   0.0 |  1032
        Bailey |       0 |    2673 |   0.0 |       0 |      43 |   0.0 |  1001
               +---------+---------+-------+---------+---------+-------+---------
